 Dungeon Crawl Stone Soup version 0.30-a0-360-g447f08457e (webtiles) character file.

Game seed: 3865852420224757173

751 BritishOli the Chopper (level 7, -1/58 HPs)
             Began as a Demonspawn Gladiator on Nov 13, 2022.
             Was a Believer of Okawaru.
             Slain by a yak (11 damage)
             ... on level 5 of the Dungeon.
             The game lasted 00:05:07 (3224 turns).

BritishOli the Chopper (Demonspawn Gladiator)       Turns: 3224, Time: 00:05:08

Health: -1/58      AC:  7    Str: 22    XL:     7   Next: 49%
Magic:  7/7        EV: 13    Int: 10    God:    Okawaru [**....]
Gold:   227        SH:  0    Dex: 14    Spells: 6/6 levels left

rFire   . . .      SeeInvis +    a - +0 war axe
rCold   . . .      Faith    .    (no shield)
rNeg    . . .      Spirit   .    w - +0 troll leather armour {Pargi}
rPois   .          Reflect  .    (helmet restricted)
rElec   .          Harm     .    (no cloak)
rCorr   .          Rampage  .    (no gloves)
Will    .....                    (no boots)
Stlth   +.........               (no amulet)
HPRegen 1.09/turn                k - +6 ring of strength
MPRegen 0.10/turn                q - ring of see invisible

@: no status effects
A: antennae 1, rugged brown scales 3, foul stench 1
a: Renounce Religion, Heroism


You were on level 5 of the Dungeon.
You worshipped Okawaru.
Okawaru was pleased with you.
You visited 1 branch of the dungeon, and saw 5 of its levels.
You also visited: Sewer.

You collected 227 gold pieces.

Inventory:

Hand Weapons
 a - a +0 war axe (weapon)
Missiles
 d - 3 throwing nets
 e - a javelin (quivered)
Armour
 w - a +0 troll leather armour (worn) {Pargi}
Jewellery
 k - a +6 ring of strength (left hand)
 q - a ring of see invisible (right hand)
Wands
 o - a wand of flame (7)
Scrolls
 g - a scroll of enchant weapon {unknown}
 h - 2 scrolls of teleportation {unknown}
 i - a scroll of fear {unknown}
 j - 7 scrolls of identify {unknown}
 l - a scroll of brand weapon {unknown}
 m - 2 scrolls of vulnerability {unknown}
 n - a scroll of blinking {unknown}
 t - a scroll of silence {unknown}
Potions
 b - a potion of flight {unknown}
 c - 2 potions of haste {unknown}
 f - 4 potions of curing {unknown}
 p - a potion of magic {unknown}
 r - a potion of brilliance {unknown}
 s - a potion of mutation {unknown}
 u - 2 potions of heal wounds {unknown}
 v - a potion of berserk rage


   Skills:
 + Level 4.5 Fighting
 + Level 4.6 Axes
 - Level 2.0 Throwing
 + Level 3.4 Armour
 + Level 4.6 Dodging


You had 6 spell levels left.
You didn't know any spells.
Your spell library contained the following spells:

 Spells                   Type           Power      Damage    Failure   Level
 Sandblast                Erth           0%         2d4       41%         1
 Passwall                 Tmut/Erth      0%         N/A       54%         2
 Stone Arrow              Conj/Erth      0%         3d7       78%         3
 Vhi's Electric Charge    Tloc/Air       0%         N/A       78%         3
 Arcjolt                  Conj/Air       0%         1d10      100%        5
 Maxwell's Capacitive Co  Air            0%         ∞         100%        8
 Chain Lightning          Conj/Air       0%         N/A       100%        9
 Fire Storm               Conj/Fire      0%         5d1       100%        9
 Shatter                  Erth           0%         3d5*      100%        9
 Summon Small Mammal      Summ           Unusable   N/A       N/A         1
 Call Canine Familiar     Summ           Unusable   N/A       N/A         3
 Summon Guardian Golem    Hex/Summ       Unusable   N/A       N/A         3

Dungeon Overview and Level Annotations

Branches:
Dungeon (5/15)              Sewer (visited)
 Temple: D:4-7

Altars:
Cheibriados
Fedhas
Gozag
Hepliaklqana
Okawaru
Wu Jian

Annotations:
D:2 1 runed translucent door, Crazy Yiuf


Innate Abilities, Weirdness & Mutations

You have a pair of small antennae on your head.
You are completely covered in rugged brown scales. (AC +3, +7% HP)
You may rarely emit foul miasma when damaged in melee.


Message History

There are monsters nearby!
The yak bellows!
You hit the yak.
The yak is lightly wounded.
The yak closely misses you.
You hit the yak.
The yak is lightly wounded.
The yak barely misses you.
An iguana comes into view.
You barely miss the yak.
The yak is lightly wounded.
The iguana hisses angrily.
The yak gores you!
You barely miss the yak.
The yak is lightly wounded.
The yak gores you!
You emit a cloud of foul miasma!
The yak is engulfed in dark miasma.
The yak is poisoned.
The yak closely misses you.
You slash the yak!
The yak is moderately wounded.
The yak is engulfed in dark miasma.
The yak looks even sicker.
The yak gores you but does no damage.
You slash the yak!
The yak is almost dead.
You hit the yak but do no damage.
The yak is engulfed in dark miasma.
The yak looks even sicker.
You kill the yak!
Okawaru accepts your kill.
You hit the yak but do no damage. You hit the iguana but do no damage.
The iguana barely misses you. The yak gores you!
You are too injured to fight recklessly!
The yak gores you!
* * * LOW HITPOINT WARNING * * *
The yak attacks as you move away! The yak gores you!
* * * LOW HITPOINT WARNING * * *
There is a stone staircase leading up here.
The yak gores you.
* * * LOW HITPOINT WARNING * * *
The yak gores you!
You die...

# # #######.##.
##.##.....#....
.......?....>..
##..@#.#
####..YYl.#
..........#
.###.#.†.......
#.#...###... #
#...# .. #...#
. #...# ...##


You could see 2 yaks and an iguana.

Vanquished Creatures
  A yak (D:5)
  2 black bears (D:4)
  Pargi (Sewer)
  3 hounds (D:4)
  Jessica (D:2)
  2 iguanas
  An orc wizard (D:4)
  3 adders
  A worm (D:3)
  2 dart slugs (D:2)
  17 orcs (D:4)
  7 bats
  12 endoplasms
  6 giant cockroaches
  4 goblins
  A hobgoblin (D:1)
  8 jackals
  7 kobolds
  6 quokkas
  A frilled lizard (D:2)
  5 rats
91 creatures vanquished.

Notes
Turn   | Place    | Note
-------+----------+-------------------------------------------
     0 | D:1      | BritishOli the Demonspawn Gladiator began the quest for the
                  | Orb.
     0 | D:1      | Reached XP level 1. HP: 16/16 MP: 1/1
   258 | D:1      | Gained mutation: You may rarely emit foul miasma when
                  | damaged in melee. [demonic ancestry]
   258 | D:1      | Reached XP level 2. HP: 20/22 MP: 2/2
   893 | D:2      | Gained mutation: You are partially covered in rugged brown
                  | scales. (AC +1, +3% HP) [demonic ancestry]
   893 | D:2      | Reached XP level 3. HP: 23/28 MP: 3/3
   961 | D:2      | Reached skill level 1 in Armour
  1034 | D:2      | Noticed Jessica
  1040 | D:2      | Killed Jessica
  1041 | D:2      | Gained mutation: You are mostly covered in rugged brown
                  | scales. (AC +2, +5% HP) [demonic ancestry]
  1041 | D:2      | Reached XP level 4. HP: 18/35 MP: 4/4
  1221 | D:2      | Found a runed translucent door.
  1222 | D:2      | Noticed Crazy Yiuf
  1492 | D:3      | Found a blossoming altar of Fedhas.
  1612 | D:3      | Found an ornate altar of the Wu Jian Council.
  1922 | D:3      | Found an iron altar of Okawaru.
  1926 | D:3      | Found a snail-covered altar of Cheibriados.
  2215 | D:3      | Became a worshipper of Warmaster Okawaru
  2325 | D:4      | Noticed a black bear
  2330 | D:4      | Killed a black bear
  2331 | D:4      | Gained mutation: You have a pair of small antennae on your
                  | head. [demonic ancestry]
  2331 | D:4      | Reached XP level 5. HP: 37/43 MP: 5/5
  2398 | D:4      | Found a glowing drain.
  2433 | Sewer    | Entered a sewer
  2574 | Sewer    | Noticed Pargi
  2585 | Sewer    | Killed Pargi
  2585 | Sewer    | Reached * piety under Okawaru
  2586 | Sewer    | Gained mutation: You are completely covered in rugged brown
                  | scales. (AC +3, +7% HP) [demonic ancestry]
  2586 | Sewer    | Reached XP level 6. HP: 29/51 MP: 6/6
  2741 | D:4      | Found a hazy altar of Hepliaklqana.
  2793 | D:4      | Found an opulent altar of Gozag.
  2960 | D:4      | Reached XP level 7. HP: 57/57 MP: 7/7
  3212 | D:5      | Entered Level 5 of the Dungeon
  3212 | D:5      | Noticed a yak
  3212 | D:5      | Noticed a yak
  3213 | D:5      | Noticed a yak
  3220 | D:5      | Killed a yak
  3220 | D:5      | Reached ** piety under Okawaru
  3224 | D:5      | Slain by a yak

Illustrated notes

Levels and vault maps discovered:
D:1:      kilobyte_arrival_exit_the_forest, layout_basic, kennysheep_nondescript
D:2:      layout_rooms, serial_bayou_pond_c, minmay_pentomino_o2, uniq_jessica,
          uniq_crazy_yiuf_cottage
D:3:      layout_basic, nicolae_overflow_squiral, minitemple,
          kennysheep_flooded_box
D:4:      layout_basic, worldfamousw_hep_ancestral_shrine,
          kennysheep_little_box, portal_sewer_entry_f
D:5:      layout_basic, ebering_ghost_reflecting_pool, uniq_sigmund,
          uniq_prince_ribbit1

Skill      XL: |  1  2  3  4  5  6 |
---------------+-------------------+-----
Throwing       | 2 |  2.0
Axes           | 3 4 |  4.6
Dodging        | 3 4 |  4.6
Armour         | 1 2 3 |  3.4
Fighting       | 3 4 |  4.5

Action                   |  1- 3 |  4- 6 |  7- 9 || total
-------------------------+-------+-------+-------++-------
Melee: War axe           |    82 |   141 |    41 ||   264
       Punch             |     1 |     4 |     2 ||     7
 Stab: Sleeping          |     2 |     1 |       ||     3
Armor: Leather armour    |    33 |    39 |       ||    72
       Troll leather arm |       |    17 |    23 ||    40
Dodge: Dodged            |    85 |   129 |    34 ||   248

Table legend: (Time is in decaauts)
 A = Elapsed time spent in this place.
 B = Non-inter-level travel time spent in this place.
 C = Inter-level travel time spent in this place.
 D = Time resting spent in this place.
 E = Time spent auto-exploring this place.
 F = Levels seen in this place.
 G = Mean time per level.
                   A        B        C        D        E       F      G
               +--------+--------+--------+--------+--------+-----+--------+
         Total |   3325 |   3167 |    158 |    106 |   2384 |   6 |  554.2 |
       Dungeon |   3024 |   2866 |    158 |      2 |   2265 |   5 |  604.8 |
         Sewer |    300 |    300 |      0 |    104 |    119 |   1 |  300.0 |
               +--------+--------+--------+--------+--------+-----+--------+

Top non-repeatable levels by time:
     D:3: 871 daAuts
     D:1: 838 daAuts
     D:4: 706 daAuts
     D:2: 594 daAuts
   Sewer: 300 daAuts
     D:5: 13 daAuts
